Map: [ESL] Oceanborn

Players

SKillous - Winner!

  • Race: Protoss Protoss
  • League: Grandmaster
  • Spawn Location: 5:00

Harstem

  • Race: Protoss Protoss
  • League: Master
  • Spawn Location: 11:00

Event: Bellum Gens Elite Stara Zagora 2024

VOD

Have the link to the VOD?

Description

Time

  • Played on: Sept. 7, 2024, 7 a.m.
  • Length: 11:10

All games in this series

Show
View Real Time Build Order
Export as new Build Order

SKillous Protoss - Winner!

Build Orders:  

Get SALT Encoding   

  12  0:00  Probe  
  13  0:12  Probe  
  14  0:17  Pylon  
  14  0:24  Probe (Chrono Boost)  
  15  0:36  Gateway, Probe (Chrono Boost)  
  16  0:44  Probe (Chrono Boost)  
  16  0:45  Assimilator  
  17  0:50  Probe  
  17  0:54  Assimilator  
  18  1:03  Probe (Chrono Boost)  
  19  1:06  Gateway  
  19  1:13  Probe (Chrono Boost)  
  20  1:18  Probe  
  20  1:23  Cybernetics Core  
  21  1:30  Probe  
  21  1:32  Pylon  
  22  1:42  Probe  
  23  1:54  Probe  
  23  1:59  Stalker x2  
  23  2:00  Warp Gate  
  29  2:08  Probe  
  29  2:13  Pylon  
  29  2:20  Probe  
  30  2:31  Sentry x2  
  30  2:36  Probe  
  35  2:46  Nexus  
  36  2:55  Robotics Facility  
  35  3:00  Pylon  
  35  3:05  Shield Battery  
  35  3:11  Shield Battery  
  34  3:15  Probe  
  35  3:27  Probe  
  36  3:39  Probe (Chrono Boost)  
  36  3:43  Twilight Council  
  36  3:47  Stalker  
  36  3:48  Stalker  
  40  3:51  Probe (Chrono Boost)  
  40  3:53  Gateway  
  41  4:00  Probe (Chrono Boost)  
  41  4:01  Probe (Chrono Boost)  
  43  4:07  Probe (Chrono Boost)  
  43  4:09  Probe (Chrono Boost)  
  45  4:11  Stalker  
  45  4:12  Probe (Chrono Boost)  
  45  4:13  Blink (Chrono Boost)  
  45  4:16  Stalker  
  50  4:19  Probe  
  50  4:25  Probe  
  52  4:31  Probe  
  52  4:36  Stalker  
  52  4:37  Probe  
  55  4:40  Stalker  
  55  4:43  Probe  
  58  4:47  Pylon  
  58  4:49  Probe  
  58  4:51  Stalker  
  61  4:55  Probe  
  62  5:04  Pylon  
  62  5:05  Probe  
  62  5:06  Stalker x2  
  67  5:09  Probe  
  67  5:19  Stalker  
  70  5:25  Probe  
  70  5:29  Probe  
  70  5:34  Nexus  
  71  5:36  Stalker  
  71  5:38  Pylon  
  71  5:41  Assimilator, Sentry  
  75  5:43  Probe  
  75  5:46  Probe  
  77  5:55  Pylon  
  77  5:58  Stalker  
  77  6:00  Stalker  
  77  6:02  Probe  
  77  6:03  Forge, Probe  
  81  6:14  Probe  
  81  6:15  Probe  
  83  6:22  Stalker x2  
  83  6:25  Stalker  
  89  6:26  Probe (Chrono Boost)  
  89  6:27  Probe (Chrono Boost)  
  91  6:36  Probe x2 (Chrono Boost)  
  93  6:41  Probe x2 (Chrono Boost)  
  87  6:50  Charge (Chrono Boost)  
  87  6:53  Probe  
  89  6:55  Probe  
  89  6:56  Probe  
  89  6:58  Robotics Facility  
  89  6:59  Protoss Ground Weapons Level 1 (Chrono Boost)  
  90  7:01  Gateway x2  
  90  7:02  Gateway  
  90  7:05  Gateway, Probe  
  90  7:07  Probe  
  92  7:11  Probe  
  93  7:17  Probe  
  93  7:21  Shield Battery  
  94  7:26  Gateway  
  94  7:28  Zealot x3  
  100  7:30  Photon Cannon  
  100  7:34  Gateway x2  
  100  7:35  Gateway  
  100  7:36  Probe  
  101  7:40  Assimilator  
  101  7:43  Templar Archives  
  101  7:47  Observer (Chrono Boost)  
  101  7:49  Pylon  
  101  7:59  Warp Prism (Chrono Boost)  
  101  8:01  Photon Cannon  
  103  8:06  Nexus  
  103  8:07  Pylon  
  103  8:16  Stalker, Zealot x5  
  115  8:20  Pylon  
  115  8:22  Pylon  
  115  8:23  Photon Cannon  
  115  8:29  Pylon  
  115  8:31  Observer (Chrono Boost)  
  116  8:39  High Templar x3  
  122  8:41  High Templar  
  122  8:42  Zealot x4  
  122  8:45  Archon, Photon Cannon  
  122  8:46  Archon  
  122  8:48  Probe x3  
  135  8:55  Zealot x3  
  141  8:57  Pylon, Protoss Ground Weapons Level 2 (Chrono Boost)  
  141  9:15  Probe  
  142  9:20  Zealot x7  
  156  9:25  Pylon  
  154  9:33  Zealot x4  
  134  9:54  Zealot x3, High Templar x4  
  134  9:55  Zealot x4  
  134  9:59  Archon x2  
  134  10:17  Zealot x7  
  148  10:33  Zealot x2  
  148  10:36  Zealot x2  
  148  10:37  Zealot x2  
  148  10:38  Zealot x5  
  162  10:44  Gateway  
  162  10:45  Gateway  
  148  10:56  Zealot x2  
  144  10:58  Zealot  
  144  10:59  Zealot x8  
Show
View Real Time Build Order
Export as new Build Order

Harstem Protoss 

Build Orders: Oracle Opening, Archon Immortal 

Get SALT Encoding   

  12  0:00  Probe  
  13  0:13  Probe  
  14  0:17  Pylon  
  14  0:25  Probe (Chrono Boost)  
  15  0:37  Gateway, Probe (Chrono Boost)  
  16  0:45  Probe (Chrono Boost)  
  16  0:47  Assimilator  
  17  0:51  Probe  
  17  0:55  Assimilator  
  18  1:03  Probe (Chrono Boost)  
  19  1:09  Gateway  
  19  1:12  Probe (Chrono Boost)  
  19  1:18  Probe (Chrono Boost)  
  20  1:24  Cybernetics Core  
  21  1:29  Probe  
  22  1:35  Pylon  
  22  1:42  Probe  
  23  1:54  Probe  
  24  2:00  Stargate  
  24  2:02  Warp Gate  
  24  2:06  Adept  
  24  2:07  Probe  
  27  2:12  Pylon  
  27  2:18  Stalker  
  27  2:22  Probe  
  32  2:45  Oracle (Chrono Boost)  
  36  2:59  Stalker  
  35  3:08  Nexus  
  35  3:13  Probe  
  34  3:22  Oracle (Chrono Boost)  
  34  3:25  Probe  
  34  3:27  Pylon  
  38  3:32  Shield Battery  
  38  3:37  Probe  
  39  3:49  Robotics Facility, Probe  
  40  4:01  Probe  
  41  4:13  Probe (Chrono Boost)  
  42  4:21  Probe (Chrono Boost)  
  42  4:24  Zealot, Sentry  
  45  4:25  Probe (Chrono Boost)  
  45  4:31  Probe (Chrono Boost)  
  49  4:32  Probe (Chrono Boost)  
  49  4:38  Immortal  
  55  4:40  Pylon  
  56  4:49  Nexus  
  56  4:51  Pylon  
  56  4:52  Probe  
  55  4:53  Probe  
  55  4:58  Assimilator  
  56  5:04  Probe  
  56  5:06  Forge  
  57  5:12  Zealot  
  59  5:15  Zealot  
  59  5:18  Immortal (Chrono Boost)  
  59  5:20  Shield Battery  
  65  5:25  Probe x2  
  67  5:31  Pylon  
  67  5:33  Stalker  
  69  5:37  Probe  
  69  5:40  Protoss Ground Weapons Level 1 (Chrono Boost)  
  70  5:48  Pylon  
  70  5:49  Probe x2  
  72  5:54  Immortal (Chrono Boost)  
  72  5:56  Shield Battery  
  74  5:58  Sentry  
  74  6:00  Sentry  
  74  6:01  Probe  
  74  6:02  Probe  
  76  6:13  Probe  
  76  6:15  Probe  
  76  6:16  Probe  
  73  6:21  Stalker  
  73  6:23  Immortal (Chrono Boost)  
  79  6:26  Sentry, Pylon  
  79  6:31  Probe  
  82  6:34  Probe (Chrono Boost)  
  83  6:48  Twilight Council, Probe (Chrono Boost)  
  83  6:50  Probe x2 (Chrono Boost)  
  83  6:52  Gateway  
  83  6:55  Gateway, Probe (Chrono Boost)  
  83  6:58  Probe x2 (Chrono Boost)  
  83  6:59  Assimilator  
  86  7:01  Observer  
  86  7:07  Zealot x2, Probe (Chrono Boost)  
  93  7:13  Probe x2 (Chrono Boost)  
  92  7:19  Charge (Chrono Boost)  
  94  7:24  Immortal  
  94  7:26  Gateway x2  
  94  7:28  Gateway  
  96  7:30  Gateway  
  96  7:31  Probe x2  
  96  7:33  Probe  
  96  7:36  Protoss Ground Weapons Level 2 (Chrono Boost)  
  99  7:37  Pylon  
  99  7:43  Probe  
  100  7:46  Assimilator  
  100  7:47  Templar Archives  
  100  7:48  Zealot  
  100  7:49  Probe  
  103  7:57  Probe  
  102  7:59  Pylon  
  102  8:02  Warp Prism  
  105  8:08  Zealot x3  
  105  8:09  Probe  
  105  8:11  Observer  
  105  8:12  Pylon  
  110  8:20  Pylon  
  110  8:29  Nexus  
  110  8:30  Observer, High Templar x2  
  110  8:31  Zealot x3  
  110  8:34  Pylon  
  120  8:36  Archon  
  120  8:39  High Templar x2  
  120  8:40  Zealot  
  126  8:43  Archon  
  126  8:50  Probe  
  126  8:52  Probe  
  126  8:54  Zealot  
  126  8:55  Zealot x2  
  134  8:56  Probe  
  134  8:57  Observer  
  136  9:02  Probe  
  136  9:04  Probe, Photon Cannon  
  136  9:08  High Templar x2  
  141  9:12  Zealot x3  
  141  9:15  Archon  
  145  9:18  Zealot x2  
  140  9:32  Zealot x4  
  140  9:33  Probe  
  132  9:41  Probe x2  
  132  9:42  Probe  
  128  9:46  Stalker x4  
  128  9:47  Probe  
  137  9:53  Probe  
  137  9:54  Zealot x2  
  138  10:02  Probe  
  138  10:03  Probe  
  138  10:04  Probe  
  137  10:09  Zealot x5  
  137  10:14  Probe  
  140  10:17  Photon Cannon  
  140  10:18  Assimilator  
  140  10:22  Zealot x3  
  140  10:24  Pylon  
  145  10:35  Probe  
  143  10:39  Probe, Photon Cannon  
  143  10:40  Photon Cannon  
  143  10:42  Zealot x4  
  136  10:49  High Templar x4  
  105  10:53  Archon  
  89  10:58  Archon  
Tags
 
Add a new tag
Caveats
  • Supply blocks, unpowered buildings, or Contaminate may cause inaccurate times.
  • Supply counts are checked every 10 seconds.